[Event "Titled Tuesday Blitz February 21 Late 2023"]
[White "Costachi, Mihnea"]
[Black "Svane, Frederik"]
[WhiteFideId "1217518"]
[BlackFideId "12923044"]
[WhiteElo "2476"]
[BlackElo "2600"]
[Result "0-1"]
[Round "03"]
[TimeControl "180+2"]
[Date "2023.02.21"]
[WhiteClock "0:00:13"]
[BlackClock "0:00:15"]

1. Nc3 c5 2. Nf3 Nc6 3. d4 cxd4 4. Nxd4 g6 5. g3 Bg7 6. Nxc6 bxc6 7. Bg2 Nf6 8. O-O O-O 9. e4 d6 10. h3 Qc7 11. Be3 Rb8 12. Rb1 Nd7 13. Kh2 Ba6 14. Re1 Ne5 15. b3 Nc4 16. Bd4 e5 17. Be3 Nxe3 18. Rxe3 f5 19. Bf1 Bxf1 20. Qxf1 fxe4 21. Nxe4 d5 22. Nc5 Qd6 23. b4 e4 24. Rd1 Rxb4 25. Nxe4 Qe7 26. Nd2 Qxe3 27. fxe3 Rxf1 28. Rxf1 Rb2 29. Rc1 Rxa2 30. Kg2 a5 31. Kf3 a4 32. Ke2 a3 33. Kd3 c5 34. c4 Rxd2+ 35. Kxd2 dxc4 36. Rc2 Bb2 37. Rxc4 a2 38. Ra4 a1=Q 39. Rxa1 Bxa1 40. Kd3 Be5 41. g4 Kf7 42. Ke4 c4 43. Kxe5 c3 44. Kd4 c2 45. Kd3 c1=Q 0-1


[Site "https://www.chess.com"]

[Event "Titled Tuesday Blitz February 21 Late 2023"]
[White "Rasulov, Vugar"]
[Black "Rorrer, Grayson"]
[WhiteFideId "13402390"]
[BlackFideId "30944996"]
[WhiteElo "2523"]
[BlackElo "2263"]
[Result "0-1"]
[Round "03"]
[TimeControl "180+2"]
[Date "2023.02.21"]
[WhiteClock "0:00:09"]
[BlackClock "0:00:20"]

1. Nf3 Nf6 2. c4 g6 3. Nc3 d5 4. cxd5 Nxd5 5. h4 Bg7 6. h5 Nxc3 7. bxc3 c5 8. Rb1 Nc6 9. e4 Qc7 10. Be2 Bg4 11. h6 Bf6 12. Qa4 O-O 13. O-O Rfd8 14. Re1 a6 15. e5 Nxe5 16. Nxe5 Bxe2 17. Nxf7 Bb5 18. Qe4 Kxf7 19. d4 cxd4 20. cxd4 Qc6 21. Qe3 Rxd4 22. Bb2 Rd7 23. Bxf6 exf6 24. Rbc1 Qd6 25. Rcd1 Qc6 26. Rc1 Bc4 27. a4 Rc7 28. a5 Re8 29. Qf4 Rxe1+ 30. Rxe1 Be6 31. Rd1 Rd7 32. Rc1 Qd6 33. Qe3 Rc7 34. Re1 Re7 35. Qa7 Bd5 36. Rd1 Qc7 37. Qd4 Rd7 38. Re1 Qxa5 39. Qe3 Qd8 40. Qc5 Be6 41. Qb4 b5 42. Kh2 Rd4 43. Qc5 Qd6+ 44. Qxd6 Rxd6 45. Rc1 g5 46. Rc7+ Kg6 47. f3 Kxh6 48. g4 Kg6 49. Kg3 h5 50. gxh5+ Kxh5 51. Ra7 Kg6 52. Rc7 a5 53. Ra7 a4 54. Rb7 Bc4 55. Rb8 Rd3 56. Rg8+ Bxg8 57. Kg4 Be6+ 58. Kg3 Bd5 59. Kh2 Bxf3 60. Kg1 Rd2 61. Kf1 Re2 62. Kg1 a3 63. Kf1 a2 0-1


[Site "https://www.chess.com"]

[Event "Titled Tuesday Blitz February 21 Late 2023"]
[White "Anton Guijarro, David"]
[Black "Preotu, Razvan"]
[WhiteFideId "2285525"]
[BlackFideId "2613280"]
[WhiteElo "2690"]
[BlackElo "2475"]
[Result "0-1"]
[Round "03"]
[TimeControl "180+2"]
[Date "2023.02.21"]
[WhiteClock "0:00:03"]
[BlackClock "0:00:20"]

1. Nf3 c5 2. e3 Nf6 3. d4 d5 4. Be2 Nc6 5. O-O Bg4 6. h3 Bh5 7. dxc5 e6 8. a3 Bxc5 9. b4 Bd6 10. Bb2 a5 11. b5 Bxf3 12. Bxf3 Ne5 13. Be2 Rc8 14. Nd2 O-O 15. Rc1 Qe7 16. c4 Nxc4 17. Bxc4 dxc4 18. Nxc4 Rfd8 19. Qb3 Ne4 20. Bd4 Bc5 21. Bb2 Qg5 22. Rfd1 b6 23. Ne5 a4 24. Qc2 Nxf2 25. Nf3 Qxe3 26. Rxd8+ Rxd8 27. Kf1 Ne4 28. Re1 Ng3# 0-1


[Site "https://www.chess.com"]

[Event "Titled Tuesday Blitz February 21 Late 2023"]
[White "Jaracz, Pawel"]
[Black "Chigaev, Maksim"]
[WhiteFideId "1102222"]
[BlackFideId "4108116"]
[WhiteElo "2467"]
[BlackElo "2628"]
[Result "0-1"]
[Round "03"]
[TimeControl "180+2"]
[Date "2023.02.21"]
[WhiteClock "0:00:24"]
[BlackClock "0:01:52"]

1. e4 c5 2. Nf3 e6 3. Nc3 Nc6 4. Be2 a6 5. d4 cxd4 6. Nxd4 Qc7 7. Kf1 Nf6 8. Be3 Be7 9. f3 O-O 10. Qe1 b5 11. Qf2 Bb7 12. Nb3 Rac8 13. Nc5 Nb4 14. Nxb7 Nxc2 15. e5 Qxe5 16. Bb6 Nxa1 17. Bd3 b4 18. Ne2 Nc2 19. f4 Qxb2 20. g4 b3 21. axb3 Qxb3 22. Nc1 Qd5 0-1


[Site "https://www.chess.com"]

[Event "Titled Tuesday Blitz February 21 Late 2023"]
[White "Ibarra Jerez, Jose Carlos"]
[Black "Perske, Thore"]
[WhiteFideId "2226332"]
[BlackFideId "12902195"]
[WhiteElo "2563"]
[BlackElo "2448"]
[Result "1-0"]
[Round "03"]
[TimeControl "180+2"]
[Date "2023.02.21"]
[WhiteClock "0:00:08"]
[BlackClock "0:00:06"]

1. e4 e6 2. d4 d5 3. Nd2 c5 4. exd5 exd5 5. Ngf3 a6 6. Be2 Nf6 7. O-O Be7 8. dxc5 Bxc5 9. a3 O-O 10. b4 Bb6 11. Bb2 Nc6 12. c4 dxc4 13. Nxc4 Ba7 14. Qc2 h6 15. Rad1 Qe7 16. Nfe5 Nxe5 17. Bxe5 Re8 18. Bf3 Bb8 19. Rfe1 Bxe5 20. Rxe5 Qc7 21. Rxe8+ Nxe8 22. Qe4 Nf6 23. Qd4 Be6 24. Na5 Rb8 25. Qd6 Qxd6 26. Rxd6 b6 27. Nc6 Re8 28. h3 Bd7 29. Nd4 Rb8 30. Bc6 Be8 31. a4 Kf8 32. b5 Ke7 33. Nf5+ Kf8 34. Nxh6 axb5 35. axb5 Bxc6 36. Rxc6 Nd5 37. Nf5 Ne7 38. Nxe7 Kxe7 39. g3 g6 40. Kg2 Rb7 41. Kf3 Kf8 42. h4 Ke7 43. Kf4 Ra7 44. Rxb6 Ra4+ 45. Kg5 Ra2 46. f4 Ra3 47. g4 Ra5 48. h5 gxh5 49. gxh5 Ra1 50. h6 Rg1+ 51. Kf5 Rh1 52. Rb7+ Ke8 53. Rb8+ Ke7 54. Rb7+ Ke8 55. Rb6 Rh5+ 56. Kg4 Rh1 57. Kg5 Ke7 58. Rb7+ Ke6 59. f5+ Ke5 60. Re7+ Kd6 61. Rxf7 Rg1+ 62. Kf6 Rh1 63. Kg7 Rg1+ 64. Kf8 Rh1 65. h7 Ke5 66. Kg8 Kd5 67. h8=Q Kc5 68. Qxh1 Kxb5 69. Qd5+ Kb6 70. Rb7+ Ka6 71. Qb5# 1-0


[Site "https://www.chess.com"]

[Event "Titled Tuesday Blitz February 21 Late 2023"]
[White "Sokolovsky, Yahli"]
[Black "Swiercz, Dariusz"]
[WhiteFideId "2820242"]
[BlackFideId "1126881"]
[WhiteElo "2461"]
[BlackElo "2637"]
[Result "0-1"]
[Round "03"]
[TimeControl "180+2"]
[Date "2023.02.21"]
[WhiteClock "0:00:02"]
[BlackClock "0:00:06"]

1. b3 Nf6 2. Bb2 g6 3. d4 Bg7 4. Nf3 O-O 5. e3 d6 6. Be2 b6 7. O-O Bb7 8. c4 Nbd7 9. Nc3 Ne4 10. Qc2 Nxc3 11. Bxc3 e6 12. Rfd1 a5 13. d5 Bxc3 14. Qxc3 e5 15. e4 Nc5 16. Bd3 Bc8 17. Nd2 f5 18. Re1 Qh4 19. exf5 Bxf5 20. Bxf5 Rxf5 21. Qg3 Qh6 22. Ne4 Nxe4 23. Rxe4 Qd2 24. f3 a4 25. Qe1 Qb2 26. Qc1 Qxc1+ 27. Rxc1 axb3 28. axb3 Ra2 29. b4 Rd2 30. Ra1 Kg7 31. Ree1 Rf4 32. Rec1 Rb2 33. Ra7 Rf7 34. b5 h5 35. h4 Kf6 36. Kh2 Rg7 37. Kh3 g5 38. hxg5+ Rxg5 39. Rg1 Rg7 40. g4 Rb3 41. Rg3 h4 42. Rg2 Rxf3+ 43. Kh2 Rc3 44. g5+ Kg6 45. Rg4 h3 46. Rg3 Rxg3 47. Kxg3 Rh7 48. Kh2 Kxg5 49. Ra3 Kf4 50. Rd3 e4 51. Rg3 e3 52. Rg8 e2 53. Re8 Kf3 54. Kg1 Rh4 55. c5 Re4 56. Rf8+ Ke3 0-1


[Site "https://www.chess.com"]

[Event "Titled Tuesday Blitz February 21 Late 2023"]
[White "Livaic, Leon"]
[Black "Darini, Pouria"]
[WhiteFideId "14531534"]
[BlackFideId "12502200"]
[WhiteElo "2579"]
[BlackElo "2401"]
[Result "1/2-1/2"]
[Round "03"]
[TimeControl "180+2"]
[Date "2023.02.21"]
[WhiteClock "0:00:25"]
[BlackClock "0:00:26"]

1. d4 Nf6 2. Bg5 d5 3. Bxf6 exf6 4. e3 Bd6 5. c4 dxc4 6. Bxc4 O-O 7. Nc3 f5 8. Nge2 Nd7 9. O-O Nf6 10. g3 a6 11. a3 Qe7 12. Nd5 Nxd5 13. Bxd5 Rd8 14. Bf3 c6 15. Qc2 g6 16. Rfb1 a5 17. Nc3 h5 18. Rd1 h4 19. d5 hxg3 20. hxg3 c5 21. Nb5 Be5 22. a4 Qg5 23. Qxc5 Bd7 24. Qc2 Rac8 25. Qe2 Kg7 26. Nc3 Rh8 27. Kg2 f4 28. exf4 Bxf4 29. Rh1 Be5 30. Ne4 Qe7 31. Rxh8 Rxh8 32. Rh1 Rxh1 33. Kxh1 Bf5 34. Kg2 Bxe4 35. Qxe4 Qd6 36. b3 b6 37. Qc4 Bf6 38. Be2 Be7 39. Qe4 Qf6 40. Bc4 Bc5 41. f4 Qb2+ 42. Kh3 Qa1 43. Qe5+ Qxe5 44. fxe5 Bd4 45. e6 fxe6 46. dxe6 Kf6 47. g4 Bc5 48. Kg2 g5 49. Kf3 Ke5 50. Ke2 Kd4 51. Kd2 Be7 52. Kc2 Bb4 53. Bb5 Be7 54. Bc4 Bb4 55. Kd1 Be7 56. Ke2 Bb4 57. Kf3 Be7 58. Ke2 Bb4 59. Kf3 Bd6 60. Ke2 Ke4 61. Kd2 Bc5 62. Be2 Kd4 63. Bc4 Bb4+ 64. Ke2 Ke4 65. Kf2 Kf4 66. Be2 Ke4 67. Bf3+ Kd4 68. e7 Bxe7 69. Be2 Bc5 70. Bc4 Ke4+ 71. Ke2 Kf4 72. Be6 Ke5 73. Bf5 Kd4 74. Kd2 Bd6 75. Kc2 Bb4 76. Bd7 Ke3 77. Bf5 Ke2 78. Bd7 Ke3 79. Bf5 Kd4 80. Bd7 Bc5 81. Bf5 Bd6 82. Bd7 Bf4 83. Bf5 Be5 84. Bd7 Kd5 85. Bf5 Kd4 86. Bd7 Bd6 87. Bf5 Bc5 88. Bd7 Ke5 89. Bf5 Kd4 90. Bd7 Ke3 91. Bf5 Bb4 92. Bd7 Bd6 93. Bf5 Kd4 94. Bd7 Bf4 95. Bf5 Kd5 96. Bd7 Kd6 97. Bf5 Ke5 98. Kd3 Kd5 99. Be4+ Kc5 100. Bf5 Kb4 101. Kc2 Be5 102. Bd7 Bf4 103. Bb5 Be5 104. Bd7 Bd6 105. Bb5 Kc5 106. Bd7 Kd4 107. Bb5 Bb4 108. Bd7 1/2-1/2


[Site "https://www.chess.com"]

[Event "Titled Tuesday Blitz February 21 Late 2023"]
[White "Fiorito, Joaquin"]
[Black "Melkumyan, Hrant"]
[WhiteFideId "180173"]
[BlackFideId "13302485"]
[WhiteElo "2405"]
[BlackElo "2645"]
[Result "0-1"]
[Round "03"]
[TimeControl "180+2"]
[Date "2023.02.21"]
[WhiteClock "0:00:08"]
[BlackClock "0:01:26"]

1. d4 d5 2. Nc3 Nf6 3. Bf4 Bf5 4. f3 h6 5. g4 Bh7 6. Qd2 e6 7. h4 a6 8. e3 c5 9. Nh3 Nc6 10. Bg3 Rc8 11. Nf4 cxd4 12. exd4 Qb6 13. O-O-O Nb4 14. Qf2 Bxc2 15. Rd2 Bh7 16. Kd1 Nxa2 17. Bb5+ axb5 18. Nxa2 Qa5 19. Nc1 Bb4 20. Re2 Rxc1+ 0-1


[Site "https://www.chess.com"]

[Event "Titled Tuesday Blitz February 21 Late 2023"]
[White "Indjic, Aleksandar"]
[Black "Martinez Ramirez, Lennis"]
[WhiteFideId "911925"]
[BlackFideId "3509079"]
[WhiteElo "2618"]
[BlackElo "2426"]
[Result "1/2-1/2"]
[Round "03"]
[TimeControl "180+2"]
[Date "2023.02.21"]
[WhiteClock "0:00:55"]
[BlackClock "0:01:29"]

1. d4 d5 2. c4 dxc4 3. Nf3 Nf6 4. Qa4+ Nc6 5. Nc3 a6 6. Qxc4 e5 7. dxe5 Be6 8. Qa4 Nd7 9. Bg5 Be7 10. Bxe7 Qxe7 11. e3 O-O 12. Be2 Ndxe5 13. Nxe5 Nxe5 14. O-O c5 15. Rad1 b5 16. Qf4 Ng6 17. Qd6 Rfd8 18. Qxe7 Nxe7 19. Bf3 Rab8 20. b3 1/2-1/2


[Site "https://www.chess.com"]

[Event "Titled Tuesday Blitz February 21 Late 2023"]
[White "Dobrikov, Marco"]
[Black "Sanal, Vahap"]
[WhiteFideId "12950378"]
[BlackFideId "6300545"]
[WhiteElo "2269"]
[BlackElo "2600"]
[Result "0-1"]
[Round "03"]
[TimeControl "180+2"]
[Date "2023.02.21"]
[WhiteClock "0:01:44"]
[BlackClock "0:01:54"]

1. g3 d5 2. Bg2 e5 3. d3 c6 4. c4 Nf6 5. Nc3 d4 6. Ne4 Nxe4 7. Bxe4 Bb4+ 8. Bd2 a5 9. a3 Bxd2+ 10. Qxd2 O-O 11. h4 a4 12. h5 h6 13. Bg2 Na6 14. Nf3 Nc5 15. Qc2 Bg4 16. Nd2 Qa5 17. Kf1 Rae8 18. Bf3 Bc8 19. g4 f5 20. gxf5 Bxf5 21. Ne4 Bxe4 22. dxe4 d3 23. Qd1 Nb3 24. Kg2 Nxa1 25. Qxa1 dxe2 26. Bxe2 Qd2 27. Qd1 Qg5+ 28. Kf1 Rd8 29. Qe1 Rd2 30. Rh3 Rxb2 31. Rg3 Qxg3 0-1


[Site "https://www.chess.com"]

[Event "Titled Tuesday Blitz February 21 Late 2023"]
[White "Jeet, Jain"]
[Black "Kamsky, Gata"]
[WhiteFideId "5073022"]
[BlackFideId "2000024"]
[WhiteElo "2199"]
[BlackElo "2665"]
[Result "0-1"]
[Round "03"]
[TimeControl "180+2"]
[Date "2023.02.21"]
[WhiteClock "0:00:12"]
[BlackClock "0:00:23"]

1. d4 d5 2. Nf3 Nf6 3. Bf4 Bf5 4. e3 e6 5. Bd3 Bg6 6. O-O Bd6 7. Bg3 O-O 8. Ne5 Nbd7 9. Nxg6 hxg6 10. c4 Bxg3 11. hxg3 c6 12. Nc3 Qb6 13. b3 a5 14. g4 g5 15. g3 g6 16. Kg2 Kg7 17. Rh1 Qb4 18. Qc2 Qd6 19. Qe2 Rh8 20. f4 Rxh1 21. Rxh1 Rh8 22. Rxh8 Kxh8 23. c5 Qc7 24. Qf3 Kg7 25. e4 dxe4 26. Bxe4 Qd8 27. f5 Nf8 28. fxg6 Qxd4 29. gxf7 N8d7 30. Bb1 Kxf7 31. Ne4 Ke7 32. Nxg5 Qd2+ 33. Kh3 Qxg5 34. Qf4 Qxf4 35. gxf4 Nxc5 36. g5 Nd5 37. Kg4 Kf7 38. Kf3 Kg7 39. Kg4 Nc3 40. Bc2 Nxa2 41. f5 exf5+ 42. Kxf5 Nb4 43. Bb1 Nxb3 44. Ke5 a4 45. Kd6 a3 46. Kc7 Nd2 0-1


[Site "https://www.chess.com"]

[Event "Titled Tuesday Blitz February 21 Late 2023"]
[White "Zhigalko, Sergei"]
[Black "Ballester Llagaria, Luis Eduardo"]
[WhiteFideId "13502956"]
[BlackFideId "2297620"]
[WhiteElo "2572"]
[BlackElo "2298"]
[Result "1-0"]
[Round "03"]
[TimeControl "180+2"]
[Date "2023.02.21"]
[WhiteClock "0:00:34"]
[BlackClock "0:00:56"]

1. e4 c5 2. Nf3 e6 3. c3 d5 4. e5 d4 5. Bd3 Nc6 6. O-O Nge7 7. Re1 Ng6 8. g3 Be7 9. h4 Qc7 10. Qe2 b6 11. h5 Nf8 12. Be4 Bb7 13. Na3 a6 14. d3 Nd7 15. Bf4 dxc3 16. bxc3 b5 17. c4 b4 18. Nc2 Nb6 19. h6 g6 20. Ng5 Na4 21. Bd2 Nc3 22. Bxc3 Bxg5 23. Bd2 Be7 24. f4 O-O 25. Be3 Rfd8 26. Qg2 Na5 27. Red1 Rab8 28. g4 Bxe4 29. Qxe4 Qb7 30. Qxb7 Rxb7 31. Kf2 Rbd7 32. Ke2 Nxc4 33. dxc4 1-0


[Site "https://www.chess.com"]

[Event "Titled Tuesday Blitz February 21 Late 2023"]
[White "Richter, Paul"]
[Black "Bernadskiy, Vitaliy"]
[WhiteFideId "2046350"]
[BlackFideId "14100371"]
[WhiteElo "2171"]
[BlackElo "2592"]
[Result "0-1"]
[Round "03"]
[TimeControl "180+2"]
[Date "2023.02.21"]
[WhiteClock "0:00:01"]
[BlackClock "0:00:06"]

1. e4 e5 2. Nf3 Nc6 3. Bb5 a6 4. Ba4 Nf6 5. d3 Bc5 6. c3 d6 7. O-O O-O 8. Nbd2 h6 9. h3 Ba7 10. Re1 Ne7 11. Nf1 Ng6 12. Ng3 Be6 13. Bb3 Re8 14. Nh2 d5 15. Qf3 Qd7 16. Nh5 Nxh5 17. Qxh5 dxe4 18. dxe4 Bxb3 19. axb3 Qe6 20. b4 Rad8 21. Ng4 Nf4 22. Bxf4 exf4 23. Re2 Rd3 24. Rae1 f3 25. gxf3 Red8 26. Kg2 Rd2 27. Qf5 Qe7 28. e5 R2d5 29. f4 Kh8 30. Kh2 Rd3 31. Rg1 Qh4 32. Rg3 R3d5 33. Qe4 c6 34. Qf3 Rd1 35. Qg2 R8d3 36. Ne3 R1d2 37. Rxd2 Rxd2 0-1


[Site "https://www.chess.com"]

[Event "Titled Tuesday Blitz February 21 Late 2023"]
[White "Kravtsiv, Martyn"]
[Black "Krallis, Christos"]
[WhiteFideId "14113147"]
[BlackFideId "4298896"]
[WhiteElo "2598"]
[BlackElo "2344"]
[Result "1-0"]
[Round "03"]
[TimeControl "180+2"]
[Date "2023.02.21"]
[WhiteClock "0:00:14"]
[BlackClock "0:00:09"]

1. e4 c5 2. Nf3 g6 3. d4 cxd4 4. Nxd4 Bg7 5. c4 Nc6 6. Nc2 d6 7. Be2 Nh6 8. O-O O-O 9. Nc3 f5 10. Rb1 Kh8 11. Kh1 fxe4 12. Nxe4 Nf5 13. b3 Ncd4 14. Nxd4 Nxd4 15. Bb2 e5 16. Bxd4 exd4 17. Bd3 d5 18. cxd5 Qxd5 19. Rc1 Bf5 20. Rc5 Qd7 21. Qc2 Rac8 22. Rc1 Qe7 23. Rxc8 Rxc8 24. Qxc8+ Bxc8 25. Rxc8+ Bf8 26. g3 Kg7 27. Kg2 Qd7 28. Rc2 h6 29. h4 Be7 30. Re2 Qc6 31. f3 a6 32. Nf2 Bf6 33. Rc2 Qd7 34. Ne4 Be7 35. Re2 Qc6 36. Nf2 Bf6 37. Rc2 Qd7 38. Be4 Be5 39. Nd3 Bb8 40. Re2 Qd6 41. f4 b6 42. Bb7 b5 43. Bf3 Bc7 44. Rc2 Qe7 45. Rc6 a5 46. Nc5 Bd6 47. Ne4 Bb4 48. h5 gxh5 49. f5 Qd7 50. Rg6+ Kf7 51. Rxh6 Kg7 52. Rg6+ Kf8 53. Rg8+ Kf7 54. Bxh5+ Kxg8 55. Nf6+ Kh8 56. Nxd7 d3 57. Bd1 d2 58. Kf3 Kg7 59. g4 Kf7 60. Ne5+ Ke7 61. Ke4 Kd6 62. Nf3 Bc3 63. g5 Kc5 64. f6 Kb4 65. f7 Bg7 66. Nxd2 Kc3 67. Nf3 Kb2 68. Nd4 b4 69. Ne6 1-0


[Site "https://www.chess.com"]

[Event "Titled Tuesday Blitz February 21 Late 2023"]
[White "Gokerkan, Cem Kaan"]
[Black "Ibadov, Dashgyn"]
[WhiteFideId "6336760"]
[BlackFideId "24107514"]
[WhiteElo "2500"]
[BlackElo "2391"]
[Result "1-0"]
[Round "03"]
[TimeControl "180+2"]
[Date "2023.02.21"]
[WhiteClock "0:02:00"]
[BlackClock "0:02:07"]

1. e4 e5 2. Nf3 Nc6 3. Bc4 Bc5 4. c3 Nf6 5. d4 exd4 6. cxd4 Bb4+ 7. Nbd2 Nxe4 8. d5 Ne7 9. O-O Nxd2 10. Bxd2 Bxd2 11. d6 cxd6 12. Qxd2 d5 13. Bxd5 Nxd5 14. Rae1+ Ne7 15. Rxe7+ Kxe7 16. Qg5+ f6 17. Qxg7+ Kd6 18. Nd4 Kc7 19. Ne6+ Kb6 20. Nxd8 Rxd8 21. Qxf6+ Kc7 22. Rc1+ 1-0


[Site "https://www.chess.com"]

[Event "Titled Tuesday Blitz February 21 Late 2023"]
[White "Li, Ruifeng"]
[Black "Ehlvest, Jaan"]
[WhiteFideId "2061074"]
[BlackFideId "4500016"]
[WhiteElo "2541"]
[BlackElo "2530"]
[Result "1/2-1/2"]
[Round "03"]
[TimeControl "180+2"]
[Date "2023.02.21"]
[WhiteClock "0:00:20"]
[BlackClock "0:01:13"]

1. b3 e5 2. Bb2 Nc6 3. Nf3 d6 4. e3 g6 5. d4 exd4 6. Nxd4 Nf6 7. Nxc6 bxc6 8. Be2 Bg7 9. O-O O-O 10. c4 c5 11. Bf3 Rb8 12. Nc3 Nd7 13. Qd2 Ne5 14. Be2 Bb7 15. f4 Nd7 16. Bf3 Bxf3 17. Rxf3 Re8 18. Raf1 f5 19. Nd5 Nf6 20. Bxf6 Bxf6 21. g4 fxg4 22. Rg3 c6 23. Nxf6+ Qxf6 24. Rxg4 Kh8 25. Qd3 Rbd8 26. f5 gxf5 27. Rxf5 Rxe3 28. Rxf6 Rxd3 29. Rf7 a5 30. Rh4 Rg8+ 31. Kf2 Rg7 32. Rf8+ Rg8 33. Rf7 Rg7 34. Rf8+ Rg8 35. Rf7 1/2-1/2


[Site "https://www.chess.com"]

[Event "Titled Tuesday Blitz February 21 Late 2023"]
[White "Berezin, Viktor"]
[Black "Vakhlamov, Igor L."]
[WhiteFideId "14107872"]
[BlackFideId "24126748"]
[WhiteElo "2307"]
[BlackElo "2413"]
[Result "0-1"]
[Round "03"]
[TimeControl "180+2"]
[Date "2023.02.21"]
[WhiteClock "0:00:04"]
[BlackClock "0:00:06"]

1. d4 d5 2. c4 e6 3. Nf3 Nf6 4. g3 c5 5. cxd5 cxd4 6. dxe6 Bxe6 7. Bg2 Bc5 8. O-O Nc6 9. a3 a5 10. Bg5 h6 11. Bxf6 Qxf6 12. Nbd2 Bb6 13. b4 axb4 14. axb4 O-O 15. Rxa8 Rxa8 16. Nb3 Nxb4 17. Nfxd4 Rd8 18. e3 Bc4 19. Re1 Nd3 20. Re2 Bxb3 21. Qxd3 Be6 22. Rd2 Bf5 23. Qb5 Bxd4 24. Rxd4 Rxd4 25. exd4 b6 26. d5 Qa1+ 27. Qf1 Qxf1+ 28. Kxf1 Kf8 29. d6 Ke8 30. Bc6+ Bd7 31. Bd5 Bb5+ 32. Ke1 Kd7 33. Bxf7 Kxd6 34. Kd2 Kc5 35. h4 Bc4 36. Bg6 Kd4 37. f4 b5 38. g4 b4 39. Bb1 b3 40. g5 hxg5 41. fxg5 Bf7 42. g6 Be6 43. h5 Ke5 44. Ke3 Kf6 45. Kf4 Bc4 46. Be4 Be2 47. h6 gxh6 48. Ke3 Bd1 49. Kd2 Bc2 50. Bd5 h5 51. Bf3 h4 52. Bg4 Kxg6 53. Kc3 Kg5 54. Be6 Kf4 55. Bd7 Kg3 0-1


[Site "https://www.chess.com"]

[Event "Titled Tuesday Blitz February 21 Late 2023"]
[White "Kobo, Ori"]
[Black "Hnydiuk, Aleksander"]
[WhiteFideId "2812320"]
[BlackFideId "1109057"]
[WhiteElo "2559"]
[BlackElo "2363"]
[Result "1/2-1/2"]
[Round "03"]
[TimeControl "180+2"]
[Date "2023.02.21"]
[WhiteClock "0:00:05"]
[BlackClock "0:00:06"]

1. b3 e5 2. Bb2 Nc6 3. c4 Nf6 4. e3 d5 5. cxd5 Nxd5 6. a3 Bd6 7. d3 Qg5 8. Nf3 Qg6 9. Nbd2 O-O 10. Nc4 Re8 11. e4 Nf4 12. g3 Ne6 13. Nfxe5 Nxe5 14. Nxe5 Bxe5 15. Bxe5 Nc5 16. f4 Nxe4 17. Bg2 Nc5 18. O-O Nxd3 19. Bxc7 Bg4 20. Bf3 Bxf3 21. Qxf3 Qe4 22. Qxe4 Rxe4 23. Rad1 Nc5 24. b4 Ne6 25. Be5 f6 26. Ba1 Rd8 27. f5 Rxd1 28. Rxd1 Nc7 29. Rd7 Re1+ 30. Kf2 Rxa1 31. Rxc7 Ra2+ 32. Kg1 Rxa3 33. Rxb7 h5 34. Kg2 Ra2+ 35. Kg1 Kh7 36. h4 Kh6 37. b5 Kh7 38. Rb8 Ra5 39. Rb7 a6 40. bxa6 Rxa6 41. Rb5 Ra4 42. Kg2 Ra2+ 43. Kf3 Ra3+ 44. Kg2 Ra4 45. Kf3 Ra2 46. Rc5 Ra3+ 47. Kg2 Ra4 48. Kf3 Ra3+ 49. Kg2 Ra4 50. Kf3 Ra3+ 1/2-1/2


[Site "https://www.chess.com"]

[Event "Titled Tuesday Blitz February 21 Late 2023"]
[White "Samsonkin, Artiom"]
[Black "Martinez Reyes, Pedro Ramon"]
[WhiteFideId "13503111"]
[BlackFideId "3901807"]
[WhiteElo "2420"]
[BlackElo "2376"]
[Result "1-0"]
[Round "03"]
[TimeControl "180+2"]
[Date "2023.02.21"]
[WhiteClock "0:00:35"]
[BlackClock "0:00:40"]

1. e4 e6 2. d4 d5 3. Nc3 Nf6 4. Bg5 h6 5. Bxf6 Qxf6 6. exd5 Bb4 7. Bc4 exd5 8. Bxd5 O-O 9. Ne2 Rd8 10. O-O Nc6 11. Bxc6 Qxc6 12. a3 Be7 13. Qd2 Bf5 14. Rad1 Bf6 15. d5 Qb6 16. Nd4 Bg4 17. f3 Bh5 18. Kh1 Qxb2 19. Rb1 Qxa3 20. Ne4 Be5 21. c4 c6 22. f4 Bxd4 23. Qxd4 b5 24. d6 bxc4 25. Qxc4 Rxd6 26. Ra1 Qd3 27. Nxd6 Qxd6 28. f5 Qd5 29. Qf4 Be2 30. Rfe1 Bb5 31. f6 gxf6 32. Qxf6 Qg5 33. Qf2 a5 34. Re3 Kf8 35. Rg3 Qe5 36. Re1 Qd6 37. Rf3 Bc4 38. Rf4 Bd5 39. Rf6 Qb4 40. Rxh6 Re8 41. Rh8+ Kg7 42. Rhxe8 Qg4 43. Qg3 Qxg3 44. hxg3 a4 45. R8e5 Bb3 46. Rg5+ Kf6 47. Rc5 Bd5 48. Ra1 Bb3 49. Rxc6+ Ke5 50. Rb6 f5 51. Rxb3 axb3 52. Rb1 Kd4 53. Rxb3 f4 54. Rf3 Ke4 55. Rxf4+ Ke3 56. Kh2 Ke2 57. Kh3 Ke1 58. Kg4 Ke2 59. Kf5 Ke1 60. g4 Ke2 61. g5 Ke1 62. g6 Ke2 63. g7 Ke1 64. g8=Q Ke2 65. Qe6+ Kd1 66. Rd4+ Kc1 67. Rd7 Kb1 68. Qe8 Ka1 69. Qc8 Ka2 70. Rb7 Ka3 71. Qc3+ Ka2 72. Qc2+ Ka1 73. Qc1+ Ka2 74. Ra7+ Kb3 75. Qb1+ Kc4 76. Rc7+ Kd4 77. Qd1+ Ke3 78. Re7+ Kf2 79. Qf3+ Kg1 80. Re1+ Kh2 81. Qf4+ Kxg2 82. Re2+ Kg1 83. Qf2+ Kh1 84. Qh4+ Kg1 85. Qh2+ Kf1 86. Rf2+ Ke1 87. Qg1# 1-0


[Site "https://www.chess.com"]

[Event "Titled Tuesday Blitz February 21 Late 2023"]
[White "Mendez Fortes, Eduardo Jesus"]
[Black "Pichot, Alan"]
[WhiteFideId "3502376"]
[BlackFideId "110973"]
[WhiteElo "2250"]
[BlackElo "2638"]
[Result "1-0"]
[Round "03"]
[TimeControl "180+2"]
[Date "2023.02.21"]
[WhiteClock "0:00:06"]
[BlackClock "0:00:04"]

1. e4 c5 2. Nf3 e6 3. d4 cxd4 4. Nxd4 Nc6 5. Nc3 Qc7 6. Be3 a6 7. Qd2 Nf6 8. f3 Be7 9. O-O-O h5 10. Bf2 d6 11. Bg3 Nxd4 12. Qxd4 e5 13. Qa4+ Bd7 14. Bb5 Bc6 15. Bxc6+ bxc6 16. Nd5 Nxd5 17. exd5 Rc8 18. f4 h4 19. Bf2 O-O 20. fxe5 dxe5 21. d6 Bxd6 22. Qxa6 Qe7 23. Qc4 e4 24. Bxh4 Bf4+ 25. Kb1 Qxh4 26. g3 Qe7 27. gxf4 e3 28. Rde1 Rfe8 29. Re2 Rcd8 30. a4 c5 31. Rhe1 Rd4 32. Qb5 Re4 33. a5 Qc7 34. Qb6 Qxf4 35. Qxc5 R4e5 36. Qc3 Qf3 37. a6 g6 38. a7 R5e7 39. Rxe3 Rxe3 40. Rxe3 Rxe3 41. a8=Q+ Qxa8 42. Qxe3 Qh1+ 43. Ka2 Qxh2 44. c4 f5 45. Qe6+ Kg7 46. Qe7+ Kh6 47. c5 Qc2 48. Qd6 Kg5 49. c6 Qa4+ 50. Kb1 Qe4+ 51. Kc1 Qc4+ 52. Kd1 f4 53. c7 f3 54. Qd8+ Kg4 55. c8=Q+ Qxc8 56. Qxc8+ Kg3 57. Ke1 Kg2 58. Qg4+ 1-0


[Site "https://www.chess.com"]

[Event "Titled Tuesday Blitz February 21 Late 2023"]
[White "Vasquez Schroeder, Rodrigo"]
[Black "Droin, Augustin"]
[WhiteFideId "3400042"]
[BlackFideId "45105987"]
[WhiteElo "2524"]
[BlackElo "2436"]
[Result "1-0"]
[Round "03"]
[TimeControl "180+2"]
[Date "2023.02.21"]
[WhiteClock "0:01:00"]
[BlackClock "0:00:14"]

1. d4 Nf6 2. Nf3 e6 3. e3 d5 4. Bd3 c5 5. b3 Nc6 6. Bb2 Bd6 7. O-O cxd4 8. exd4 Qc7 9. a3 O-O 10. Re1 h6 11. Nbd2 b6 12. Qe2 Bb7 13. Ne5 Rac8 14. Rac1 Qe7 15. b4 a5 16. c3 axb4 17. axb4 Bxe5 18. dxe5 Nd7 19. Nf3 Ra8 20. Bb1 Rfc8 21. Rcd1 Nf8 22. h4 Qc7 23. h5 Na7 24. Nd4 b5 25. Bd3 Ba6 26. Ra1 Qb6 27. Ra3 Nc6 28. Nf3 d4 29. Nxd4 Nxd4 30. cxd4 Bb7 31. Rxa8 Bxa8 32. Bxb5 Rb8 33. Bd3 Qxb4 34. Ba1 Qa5 35. Kh2 Bd5 36. f3 Nd7 37. Rc1 Qd8 38. g3 f6 39. exf6 Qxf6 40. Rf1 Ra8 41. Bc3 Ra2 42. Bb2 Bxf3 43. Qc2 Qf7 44. Bg6 Qf8 45. Qb3 Bd5 46. Rxf8+ Nxf8 47. Qb8 Ra8 48. Qc7 Nxg6 49. hxg6 Rf8 50. Kg1 Be4 51. d5 1-0


[Site "https://www.chess.com"]